 Dungeon Crawl Stone Soup version 0.29.0-4-gdea44cf6ec (webtiles) character file.

Game seed: 5508572850720313866

98 qw the Chopper (level 4, -4/26 HPs)
             Began as a Tengu Warper on Aug 28, 2022.
             Killed by divine providence
             ... invoked by an orc priest
              (13 damage)
             ... on level 3 of the Dungeon.
             The game lasted 00:00:19 (2028 turns).

qw the Chopper (Tengu Warper)                       Turns: 2028, Time: 00:00:19

Health: -4/26      AC:  8    Str: 13    XL:     4   Next: 69%
Magic:  8/8        EV:  6    Int: 14    God:
Gold:   117        SH:  0    Dex: 13    Spells: 7/7 levels left

rFire   . . .      SeeInvis .   Y - +0 hand axe
rCold   . . .      Faith    .   (no shield)
rNeg    . . .      Spirit   .   c - +0 chain mail
rPois   .          Reflect  .   (helmet restricted)
rElec   .          Harm     .   (no cloak)
rCorr   .          Rampage  .   (no gloves)
Will    .....                   (boots unavailable)
Stlth   ..........              (no amulet)
HPRegen 0.08/turn               (no ring)
MPRegen 0.11/turn               (no ring)

@: no status effects
A: beak, talons 3
a: no special abilities


You were on level 3 of the Dungeon.
You visited 1 branch of the dungeon, and saw 3 of its levels.

You collected 117 gold pieces.


Innate Abilities, Weirdness & Mutations

You have a beak for a mouth.
You have claws for feet.


   Skills:
 - Level 2.0 Fighting
 + Level 5.2 Axes
 - Level 1.0 Throwing
 - Level 1.1 Armour
 - Level 2.1 Dodging
 - Level 2.0 Spellcasting
 - Level 2.4 Translocations


You had 7 spell levels left.
You didn't know any spells.
Your spell library contained the following spells:

 Spells                   Type           Power      Damage    Failure   Level
 Blink                    Tloc           16%        N/A       99%         2
 Gell's Gravitas          Tloc           8%         N/A       100%        3
 Lesser Beckoning         Tloc           8%         N/A       100%        3
 Teleport Other           Tloc           8%         N/A       100%        3
 Manifold Assault         Tloc           8%         N/A       100%        5

Inventory:

Hand Weapons
 d - a +2 whip of electrocution
 Y - a +0 hand axe (weapon)
Missiles
 e - 4 javelins (quivered)
Armour
 b - a +0 pair of gloves
 c - a +0 chain mail (worn)
Scrolls
 g - 3 scrolls of identify
Potions
 f - a potion of mutation
 i - a potion of brilliance {unknown}
 k - a potion of resistance {unknown}
 l - a potion of curing {unknown}

Dungeon Overview and Level Annotations

Branches:
Dungeon (3/15)

Altars:
Uskayaw


Message History

The orc hits you with a +0 falchion.
You slash the orc!
You kill the orc!
You closely miss something. Something hits you.
You closely miss something. Your peck misses something. Something hits you.
You hit something but do no damage. Your kick misses something.
You peck something. Something hits you but does no damage.
You miss something. Something hits you.
You barely miss something. You peck something.
Something hits you but does no damage.
You closely miss something. You claw something. Something hits you.
You barely miss something. Your kick misses something.
Your peck misses something. Something hits you but does no damage.
You hit something.
Reactivating autopickup.
You feel a bit more experienced.
Your Axes skill increases to level 5!
You barely miss the orc priest. You claw the orc priest.
Your peck misses the orc priest.
The orc priest is moderately wounded.
The orc priest invokes the aid of Beogh against you.
Pain shoots through your body!
You completely miss the orc priest. You claw the orc priest.
You peck the orc priest.
The orc priest is almost dead.
The orc priest hits you with a +0 dagger.
You hit the orc priest but do no damage.
Your kick misses the orc priest.
The orc priest is almost dead.
The orc priest hits you but does no damage.
The orc priest calls down the wrath of Beogh upon you.
Beogh smites you!
Ouch! That really hurt!
You die...

.# #.#
######.#######
#.............
######.#######
#.# #.# #.#
#.# #@# #o#
#)# ... .....
.......
........#
#..$$....#
#####+####


You could see an orc priest.

Vanquished Creatures
  An orc wizard (D:3)
  2 dart slugs (D:1)
  4 orcs (D:3)
  4 bats (D:1)
  5 endoplasms
  2 giant cockroaches (D:1)
  A hobgoblin (D:2)
  2 jackals (D:1)
  4 quokkas
  A ball python (D:2)
  15 frilled lizards
  10 goblins
  7 kobolds
  10 rats
68 creatures vanquished.

Vanquished Creatures (others)
  7 plants (D:1)
7 creatures vanquished.

Grand Total: 75 creatures vanquished

Notes
Turn   | Place    | Note
-------+----------+-------------------------------------------
     0 | D:1      | qw the Tengu Warper began the quest for the Orb.
     0 | D:1      | Reached XP level 1. HP: 12/12 MP: 4/4
     0 | D:1      | 0 ||| qw: Version: 0.1-a-89-g26bdef1
     0 | D:1      | 0 ||| qw: Game counter: 2450
     0 | D:1      | 0 ||| qw: Always use a shield: true
     0 | D:1      | 0 ||| qw: God list: Okawaru
     0 | D:1      | 0 ||| qw: Allow faded altars: false
     0 | D:1      | 0 ||| qw: Do Orc after D:15 true
     0 | D:1      | 0 ||| qw: Do second Lair branch before Depths: true
     0 | D:1      | 0 ||| qw: Lair rune preference: random
     0 | D:1      | 0 ||| qw: Plans: Normal
     0 | D:1      | 0 ||| PLANNING D:1-11
     4 | D:1      | 4 ||| Stepping ~*~*~tactically~*~*~ (water).
   136 | D:1      | 136 ||| Stepping ~*~*~tactically~*~*~ (stealth).
   191 | D:1      | 191 ||| Stepping ~*~*~tactically~*~*~ (hiding).
   198 | D:1      | Reached skill level 3 in Axes
   198 | D:1      | Reached XP level 2. HP: 17/17 MP: 6/6
   331 | D:1      | 331 ||| Stepping ~*~*~tactically~*~*~ (stealth).
   332 | D:1      | 332 ||| Stepping ~*~*~tactically~*~*~ (stealth).
   334 | D:1      | 334 ||| Stepping ~*~*~tactically~*~*~ (stealth).
   381 | D:1      | 381 ||| Stepping ~*~*~tactically~*~*~ (stealth).
   383 | D:1      | 383 ||| Stepping ~*~*~tactically~*~*~ (stealth).
   385 | D:1      | 385 ||| Stepping ~*~*~tactically~*~*~ (stealth).
   514 | D:1      | Found a faded altar of an unknown god.
   524 | D:1      | Reached XP level 3. HP: 19/21 MP: 7/7
   579 | D:1      | 579 ||| Stepping ~*~*~tactically~*~*~ (stealth).
   580 | D:1      | 580 ||| Stepping ~*~*~tactically~*~*~ (stealth).
   590 | D:1      | 590 ||| Stepping ~*~*~tactically~*~*~ (stealth).
   603 | D:1      | 603 ||| Stepping ~*~*~tactically~*~*~ (stealth).
   617 | D:1      | 617 ||| Stepping ~*~*~tactically~*~*~ (stealth).
   618 | D:1      | 618 ||| Stepping ~*~*~tactically~*~*~ (stealth).
   635 | D:1      | 635 ||| Stepping ~*~*~tactically~*~*~ (stealth).
   636 | D:1      | 636 ||| Stepping ~*~*~tactically~*~*~ (stealth).
   644 | D:1      | 644 ||| Stepping ~*~*~tactically~*~*~ (stealth).
   669 | D:1      | 669 ||| Stepping ~*~*~tactically~*~*~ (stealth).
   682 | D:1      | Reached skill level 4 in Axes
   744 | D:1      | 744 ||| Stepping ~*~*~tactically~*~*~ (stealth).
   745 | D:1      | 745 ||| Stepping ~*~*~tactically~*~*~ (stealth).
   747 | D:1      | 747 ||| Stepping ~*~*~tactically~*~*~ (stealth).
   749 | D:1      | 749 ||| Stepping ~*~*~tactically~*~*~ (hiding).
   757 | D:1      | 757 ||| Stepping ~*~*~tactically~*~*~ (stealth).
   758 | D:1      | 758 ||| Stepping ~*~*~tactically~*~*~ (hiding).
   761 | D:1      | 761 ||| Stepping ~*~*~tactically~*~*~ (hiding).
  1037 | D:1      | 1037 ||| Stepping ~*~*~tactically~*~*~ (stealth).
  1086 | D:1      | 1086 ||| READING 2 scrolls labelled DERUOZUOFO.
  1089 | D:1      | 1089 ||| READING scroll labelled FOCE UKLIHIABU.
  1090 | D:1      | 1090 ||| READING scroll labelled GINIDWUOLOL.
  1091 | D:1      | 1091 ||| READING scroll labelled VONEKI ZALUEL.
  1092 | D:1      | 1092 ||| READING scroll labelled TULAQUAVUL.
  1093 | D:1      | 1093 ||| DROPPING scroll of blinking.
  1094 | D:1      | 1094 ||| READING scroll of teleportation.
  1154 | D:2      | 1154 ||| Stepping ~*~*~tactically~*~*~ (stealth).
  1158 | D:2      | 1158 ||| Stepping ~*~*~tactically~*~*~ (stealth).
  1383 | D:2      | 1383 ||| DROPPING +0 club.
  1614 | D:2      | 1614 ||| UPGRADING to +0 chain mail.
  1624 | D:2      | 1624 ||| DROPPING +0 leather armour.
  1625 | D:2      | 1625 ||| READING scroll labelled GYKHLA CEUHEEWO.
  1626 | D:2      | 1626 ||| READING scroll labelled TOLEXY CUZEB.
  1627 | D:2      | 1627 ||| READING scroll labelled MAOTE TUENWEKA.
  1628 | D:2      | 1628 ||| READING 2 scrolls of identify.
  1628 | D:2      | 1628 ||| IDENTIFYING golden potion
  1727 | D:3      | Reached XP level 4. HP: 26/26 MP: 8/8
  1781 | D:3      | Noticed a +0 hand axe
  1781 | D:3      | Noticed a +0 hand axe
  1782 | D:3      | Found a hide-covered altar of Uskayaw.
  1819 | D:3      | 1819 ||| READING 2 scrolls of identify.
  1819 | D:3      | 1819 ||| IDENTIFYING fizzy silvery potion
  1820 | D:3      | 1820 ||| Stepping randomly (stuck).
  1821 | D:3      | 1821 ||| Stepping randomly (stuck).
  1822 | D:3      | 1822 ||| Stepping randomly (stuck).
  1823 | D:3      | 1823 ||| Stepping randomly (stuck).
  1824 | D:3      | 1824 ||| Stepping randomly (stuck).
  1825 | D:3      | 1825 ||| Stepping randomly (stuck).
  1826 | D:3      | 1826 ||| Stepping randomly (stuck).
  1827 | D:3      | 1827 ||| Stepping randomly (stuck).
  1869 | D:3      | Identified the +11 longbow of the Onslaught {freeze, rElec
                  | rC+ Int-4}
  1988 | D:3      | 1988 ||| DROPPING +0 whip.
  2009 | D:3      | 2009 ||| FLEEEEING.
  2013 | D:3      | HP: 6/26 [something (1)]
  2014 | D:3      | 2014 ||| DRINKING potion of heal wounds.
  2026 | D:3      | Reached skill level 5 in Axes
  2028 | D:3      | Killed from afar by an orc priest

Levels and vault maps discovered:
D:1:      dpeg_arrival_subterranean_lakeside_camping, layout_rooms,
          shapermc_ecumenical_altar_venn, wad_floor_pattern_2,
          minmay_lizard_king
D:2:      layout_rooms
D:3:      layout_basic, dancing_weapons_uskayaw, mainiacjoe_overflow_alcove_2,
          minmay_statues_item

Skill      XL: |  1  2  3  4 |
---------------+-------------+-----
Axes           | 3 4 5 |  5.2
Fighting       | |  2.0
Throwing       | |  1.0
Armour         | |  1.1
Dodging        | |  2.1
Spellcasting   | |  2.0
Translocations | |  2.4

Action                   |  1- 3 |  4- 6 || total
-------------------------+-------+-------++-------
Melee: Hand axe          |   110 |    39 ||   149
       Kick              |    19 |     7 ||    26
       Peck              |    12 |     8 ||    20
Throw: Boomerang         |     7 |       ||     7
       Javelin           |     8 |    17 ||    25
  Use: Scroll            |    10 |     1 ||    11
       Potion            |       |     1 ||     1
 Stab: Distracted        |     1 |       ||     1
Armor: Leather armour    |    25 |       ||    25
       Chain mail        |     1 |    18 ||    19
Dodge: Dodged            |    47 |     3 ||    50

Table legend:
 A = Non-vault XP
 B = Vault XP
 C = Vault XP percentage of total XP
 D = Non-vault monster count
 E = Vault monster count
 F = Vault count percentage of total count
                 A         B        C        D         E       F
            +---------+---------+-------+---------+---------+-------
      Total |     122 |      18 |  12.9 |      51 |      17 |  25.0
            +---------+---------+-------+---------+---------+-------
        D:1 |      44 |      18 |  29.0 |      25 |      17 |  40.5
        D:2 |      17 |       0 |   0.0 |      11 |       0 |   0.0
        D:3 |      61 |       0 |   0.0 |      15 |       0 |   0.0
            +---------+---------+-------+---------+---------+-------
